 Dungeon Crawl Stone Soup version 0.30-a0-141-g30f27751c5 (webtiles) character file.

Game seed: 142153198910037359

6241 qw the Blocker (level 10, 0/61 HPs)
             Began as a Gargoyle Fighter on Sept 25, 2022.
             Was a Priest of Okawaru.
             Killed from afar by an acid dragon (30 damage)
             ... with a splash of acid
             ... on level 9 of the Dungeon.
             The game lasted 00:03:35 (10095 turns).

qw the Blocker (Gargoyle Fighter)                  Turns: 10095, Time: 00:03:35

Health: 0/61       AC: 21    Str: 24    XL:     10   Next: 93%
Magic:  11/13      EV: 11    Int: 15    God:    Okawaru [***...]
Gold:   303        SH: 17    Dex:  5    Spells: 9/9 levels left

rFire   . . .      SeeInvis +    k - +2 war axe (elec)
rCold   . . .      Faith    .    e - +0 tower shield
rNeg    + + .      Spirit   .    g - +0 chain mail
rPois   inf        Reflect  .    q - +2 helmet {SInv}
rElec   +          Harm     .    l - +0 cloak
rCorr   .          Rampage  .    w - +0 pair of gloves
Will    .....                    (no boots)
Stlth   ..........               (no amulet)
HPRegen 0.20/turn                A - +4 ring of evasion
MPRegen 0.13/turn                r - ring "Antyr" {rElec rN+ Int+6}

@: heroic, corroded
A: sickness immunity, AC +7, negative energy resistance 1, electricity
resistance, torment resistance 1, petrification resistance, clumsy 2
a: Renounce Religion, Heroism


You were on level 9 of the Dungeon.
You worshipped Okawaru.
Okawaru was most pleased with you.
You visited 2 branches of the dungeon, and saw 10 of its levels.

You collected 688 gold pieces.
You spent 385 gold pieces at shops.


Innate Abilities, Weirdness & Mutations

You are immune to sickness and miasma.
Your stone body is resilient. (AC +7)
You are immune to poison.
You resist negative energy. (rN+)
You are resistant to electric shocks. (rElec)
You are resistant to unholy torment.
You are immune to petrification.
You are very clumsy. (Dex -4)


   Skills:
 - Level 6.4(11.4) Fighting
 - Level 9.1(14.1) Axes
 + Level 4.7(9.7) Armour
 - Level 12.0(17.0) Shields
 - Level 4.8 Invocations


You had 9 spell levels left.
You didn't know any spells.
Your spell library was empty.

Inventory:

Hand Weapons
 k - a +2 war axe of electrocution (weapon)
 v - a +1 war axe of flaming
Armour
 e - a +0 tower shield (worn)
 g - a +0 chain mail (worn)
 l - a +0 cloak (worn)
 p - the +0 kite shield of Miracles {rCorr MP+9 Dex+2}
   (You acquired it on level 4 of the Dungeon)

   Dex:       It affects your dexterity (+2).
   MP:        It affects your magic capacity (+9).
   rCorr:     It protects you from acid and corrosion.
 q - a +2 helmet of see invisible (worn)
 w - a +0 pair of gloves (worn)
 y - a +0 pair of boots
 z - a +0 plate armour
 B - +0 acid dragon scales
Jewellery
 r - the ring "Antyr" (right hand) {rElec rN+ Int+6}
   (You acquired it on level 4 of the Dungeon)

   [ring of intelligence]

   Int:       It affects your intelligence (+6).
   rElec:     It insulates you from electricity.
   rN:        It protects you from negative energy.
 u - a ring of positive energy
 A - a +4 ring of evasion (left hand)
 Y - a ring of willpower
Scrolls
 a - a scroll of enchant armour {unknown}
 b - 6 scrolls of teleportation
 i - 2 scrolls of identify
 x - a scroll of amnesia {unknown}
Potions
 c - 2 potions of attraction
 d - 2 potions of might
 f - 2 potions of haste
 h - 2 potions of brilliance {unknown}
 j - 6 potions of curing
 m - 2 potions of heal wounds
 n - 2 potions of lignification
 o - 2 potions of mutation
 s - a potion of flight {unknown}
 t - a potion of magic

Dungeon Overview and Level Annotations

Branches:
Dungeon (9/15)             Temple (1/1) D:7            Lair (0/5) D:8
    Orc (0/2) D:9

Altars:
Ashenzari
Cheibriados
Dithmenos
Fedhas
Gozag
Hepliaklqana
Kikubaaqudgha
Makhleb
Nemelex Xobeh
Okawaru
Qazlal
Ru
Sif Muna
Trog
Uskayaw
Wu Jian
Xom
Yredelemnul
Zin

Shops:
D:4 (   D:9 [[

Annotations:
D:6 3 runed translucent doors, qw's ghost, novice GrFi


Message History

You now have 129 gold pieces (gained 7).
You now have 148 gold pieces (gained 19).
You now have 164 gold pieces (gained 16).
You now have 181 gold pieces (gained 17).
You now have 191 gold pieces (gained 10).
You now have 198 gold pieces (gained 7).
You now have 207 gold pieces (gained 9).
You now have 225 gold pieces (gained 18).
You now have 242 gold pieces (gained 17).
You now have 253 gold pieces (gained 11).
You now have 261 gold pieces (gained 8).
You now have 274 gold pieces (gained 13).
You now have 288 gold pieces (gained 14).
You now have 303 gold pieces (gained 15).
You see here an acid dragon corpse.
You open the door.
A troll and an acid dragon come into view.
The troll shouts!
The acid dragon roars!
You hear a roar!
An acid dragon comes into view.
The acid dragon bites the plant!
The plant begins to die.
The acid dragon claws the plant.
There is an open door here.
10085 ||| Stepping ~*~*~tactically~*~*~ (hiding).
You start waiting.
An acid dragon is nearby!
The acid dragon spits acid at you. The splash of acid hits you!!
Ouch! That really hurt!
The acid corrodes you!
There is an open door here.
10094 ||| INVOKING Heroism.
You gain the combat prowess of a mighty hero.
The acid dragon bites you but does no damage.
You block the acid dragon's attack.
You barely miss the acid dragon. You hit the acid dragon. You slash the plant!
The plant begins to die.
The acid dragon barely misses you. You block the acid dragon's attack.
The acid dragon spits acid at you. The splash of acid hits you!!
You die...

#.#.#########..#.#.#..#
#.#.#)#.#.#.#.#.#.#.#.#
#.#.........#.........#
#.#####'##############
#.##.).....##7..P.PP
#.#..##.##..#.......
#.#.##.%.##.#....P
#.#.#.....#.#PT7.7 #####.#
#.....#.@D..7 #.....#
#.....#.#D...P.. #.###.#
##...##.#.P..... ~~###.#
#####..#....... ~~~##.#
..##P....PP
\~~##.###########################
.~~##..............).............
.~###########..####.#####.......#
..###########.## #.%.....#######


You could see a troll and 2 acid dragons.

Vanquished Creatures
  Erolcha (D:9)
  A centaur warrior (D:9)
  An ugly thing (D:9)
  Joseph (D:9)
  Maggie (D:8)
  A troll (D:9)
  A yak (D:9)
  2 wyverns
  2 steam dragons
  An acid dragon (D:9)
  5 water moccasins
  An ice beast (D:5)
  3 ogres
  2 centaurs
  A phantom (D:5)
  Blork the orc (D:5)
  A kobold brigand (D:8)
  4 scorpions (D:7)
  A bullfrog (D:7)
  A gnoll sergeant (D:8)
  2 necrophages (D:5)
  8 wights
  4 killer bees (D:9)
  4 hounds
  3 iron imps (D:3)
  2 jellies
  An orc priest (D:9)
  A gnoll bouda (D:8)
  4 iguanas
  3 orc wizards
  A centaur simulacrum (D:9)
  10 gnolls
  6 adders
  A white imp (D:6)
  3 ufetubi
  3 worms
  5 dart slugs
  23 orcs
  5 ball pythons
  8 endoplasms
  3 giant cockroaches
  6 goblins
  7 hobgoblins
  3 quokkas
  7 bats
  5 frilled lizards
  14 kobolds
  6 rats
180 creatures vanquished.

Vanquished Creatures (others)
  A steam dragon (D:9)
  A fungus (D:7)
  2 plants (D:9)
4 creatures vanquished.

Grand Total: 184 creatures vanquished

Notes
Turn   | Place    | Note
-------+----------+-------------------------------------------
     0 | D:1      | qw the Gargoyle Fighter began the quest for the Orb.
     0 | D:1      | Reached XP level 1. HP: 14/14 MP: 1/1
     0 | D:1      | 0 ||| qw: Version: 0.2-a-10-g399e6c4
     0 | D:1      | 0 ||| qw: Game counter: 120
     0 | D:1      | 0 ||| qw: Always use a shield: true
     0 | D:1      | 0 ||| qw: God list: Okawaru
     0 | D:1      | 0 ||| qw: Allow faded altars: false
     0 | D:1      | 0 ||| qw: Do Orc after D:15 true
     0 | D:1      | 0 ||| qw: Do second Lair branch before Depths: true
     0 | D:1      | 0 ||| qw: Lair rune preference: random
     0 | D:1      | 0 ||| qw: Plans: Normal, Zot:1-4, God:TSO, Crypt, Tomb,
                  | Pan, Slime:5, Hells, Abyss, Orb
     0 | D:1      | 0 ||| PLANNING D:1-11
   249 | D:1      | Reached XP level 2. HP: 15/19 MP: 2/2
   330 | D:1      | Found a faded altar of an unknown god.
   577 | D:1      | Reached skill level 3 in Axes
   691 | D:1      | Reached XP level 3. HP: 23/23 MP: 3/3
   847 | D:1      | 847 ||| UPGRADING to +0 chain mail.
   857 | D:1      | 857 ||| DROPPING +0 scale mail.
   858 | D:1      | 858 ||| DROPPING amulet of magic regeneration.
   859 | D:1      | 859 ||| READING scroll labelled RULOATEKAWK.
   860 | D:1      | 860 ||| READING 2 scrolls labelled VEGHYCO LUOTHRAX.
   861 | D:1      | 861 ||| READING scroll labelled XUIKAD WY HUU.
   862 | D:1      | 862 ||| DRINKING 2 viscous yellow potions.
   877 | D:1      | 877 ||| Stepping ~*~*~tactically~*~*~ (stealth).
   995 | D:2      | 995 ||| Stepping ~*~*~tactically~*~*~ (stealth).
   998 | D:2      | 998 ||| Stepping ~*~*~tactically~*~*~ (stealth).
  1145 | D:2      | 1145 ||| FLEEEEING.
  1146 | D:2      | 1146 ||| FLEEEEING.
  1546 | D:2      | 1546 ||| READING scroll labelled PISMEP ELOE.
  1547 | D:2      | 1547 ||| READING scroll labelled LEYNTE YNUTUHA.
  1548 | D:2      | 1548 ||| READING scroll labelled ORIFE QAEH.
  1551 | D:2      | 1551 ||| READING 4 scrolls of identify.
  1551 | D:2      | 1551 ||| IDENTIFYING lumpy cyan potion
  1552 | D:2      | 1552 ||| READING 3 scrolls of identify.
  1552 | D:2      | 1552 ||| IDENTIFYING metallic purple potion
  1553 | D:2      | 1553 ||| READING 2 scrolls of identify.
  1553 | D:2      | 1553 ||| IDENTIFYING fuming blue potion
  1554 | D:2      | 1554 ||| DROPPING potion of berserk rage.
  1555 | D:2      | 1555 ||| DROPPING potion of magic.
  1592 | D:3      | 1592 ||| STAIRDANCE
  1621 | D:3      | Reached XP level 4. HP: 20/28 MP: 4/4
  1721 | D:3      | 1721 ||| Stepping ~*~*~tactically~*~*~ (hiding).
  1722 | D:3      | 1722 ||| Stepping ~*~*~tactically~*~*~ (hiding).
  1873 | D:3      | Found a burning altar of Makhleb.
  1889 | D:3      | Reached XP level 5. HP: 22/32 MP: 5/5
  1893 | D:3      | HP: 8/32 [iron imp (7)]
  1894 | D:3      | HP: 1/32 [iron imp (7)]
  2398 | D:3      | 2398 ||| Stepping ~*~*~tactically~*~*~ (stealth).
  2467 | D:3      | 2467 ||| Stepping ~*~*~tactically~*~*~ (stealth).
  2474 | D:3      | 2474 ||| Stepping ~*~*~tactically~*~*~ (stealth).
  2475 | D:3      | 2475 ||| Stepping ~*~*~tactically~*~*~ (stealth).
  2553 | D:3      | 2553 ||| DROPPING +0 whip.
  2590 | D:3      | 2590 ||| Stepping ~*~*~tactically~*~*~ (hiding).
  2927 | D:3      | 2927 ||| UPGRADING to +0 tower shield.
  2937 | D:3      | 2937 ||| DROPPING +0 buckler.
  2938 | D:3      | 2938 ||| READING scroll labelled VIH ICHILIE.
  2939 | D:3      | 2939 ||| READING 2 scrolls of identify.
  2939 | D:3      | 2939 ||| IDENTIFYING emerald potion
  2977 | D:4      | 2977 ||| Stepping ~*~*~tactically~*~*~ (stealth).
  2978 | D:4      | 2978 ||| Stepping ~*~*~tactically~*~*~ (stealth).
  2979 | D:4      | Noticed a centaur
  2981 | D:4      | 2981 ||| Stepping ~*~*~tactically~*~*~ (hiding).
  2982 | D:4      | 2982 ||| FLEEEEING.
  2984 | D:4      | 2984 ||| Stepping ~*~*~tactically~*~*~ (hiding).
  2991 | D:4      | HP: 4/33 [centaur (5)]
  2991 | D:4      | HP: 1/33 [centaur (3)]
  2992 | D:4      | 2992 ||| DRINKING potion of heal wounds.
  2993 | D:4      | Killed a centaur
  2994 | D:4      | Reached skill level 4 in Shields
  2994 | D:4      | Reached XP level 6. HP: 37/38 MP: 6/6
  3227 | D:4      | Found Naxe's Weapon Shoppe.
  3228 | D:4      | 3228 ||| Stepping ~*~*~tactically~*~*~ (hiding).
  3229 | D:4      | 3229 ||| Stepping ~*~*~tactically~*~*~ (hiding).
  3232 | D:4      | 3232 ||| Stepping ~*~*~tactically~*~*~ (hiding).
  3347 | D:4      | 3347 ||| SHOPLISTING +8 hand axe of the Unliving {vamp,
                  | rCorr Dex-2 Stlth+} (662 gold, have 153).
  3359 | D:4      | 3359 ||| Stepping ~*~*~tactically~*~*~ (stealth).
  3360 | D:4      | 3360 ||| Stepping ~*~*~tactically~*~*~ (stealth).
  3361 | D:4      | 3361 ||| Stepping ~*~*~tactically~*~*~ (stealth).
  3496 | D:4      | Reached skill level 5 in Shields
  3678 | D:4      | 3678 ||| UPGRADING to ring of positive energy.
  3679 | D:4      | 3679 ||| READING scroll labelled ECORET VULO.
  3680 | D:4      | 3680 ||| DRINKING 2 amethyst potions.
  3705 | D:4      | 3705 ||| READING 2 scrolls of identify.
  3705 | D:4      | 3705 ||| IDENTIFYING fuming clear potion
  3738 | D:5      | Entered Level 5 of the Dungeon
  3741 | D:5      | 3741 ||| STAIRDANCE
  3807 | D:5      | Reached XP level 7. HP: 39/42 MP: 7/7
  3837 | D:5      | Reached skill level 6 in Shields
  3859 | D:5      | Noticed Blork the orc
  3860 | D:5      | 3860 ||| Stepping ~*~*~tactically~*~*~ (hiding).
  3876 | D:5      | Killed Blork the orc
  4034 | D:5      | Reached skill level 7 in Shields
  4293 | D:5      | 4293 ||| Stepping ~*~*~tactically~*~*~ (stealth).
  4337 | D:5      | Found a shimmering altar of Xom.
  4374 | D:5      | 4374 ||| Stepping ~*~*~tactically~*~*~ (stealth).
  4395 | D:5      | 4395 ||| Stepping ~*~*~tactically~*~*~ (hiding).
  4397 | D:5      | 4397 ||| Stepping ~*~*~tactically~*~*~ (stealth).
  4398 | D:5      | 4398 ||| FLEEEEING.
  4399 | D:5      | 4399 ||| FLEEEEING.
  4402 | D:5      | 4402 ||| FLEEEEING.
  4403 | D:5      | 4403 ||| FLEEEEING.
  4404 | D:5      | 4404 ||| FLEEEEING.
  4405 | D:5      | 4405 ||| FLEEEEING.
  4412 | D:5      | 4412 ||| STAIRDANCE
  4474 | D:4      | 4474 ||| UPGRADING to +0 cloak.
  4479 | D:4      | 4479 ||| READING 3 scrolls labelled ZEILERPHICIS.
  4479 | D:4      | Identified 3 scrolls of acquirement
  4479 | D:4      | 4479 ||| ACQUIRING +2 helmet of see invisible
  4479 | D:4      | Acquired a +2 helmet of see invisible
  4481 | D:4      | 4481 ||| UPGRADING to +2 helmet of see invisible.
  4486 | D:4      | 4486 ||| READING 2 scrolls of acquirement.
  4486 | D:4      | 4486 ||| ACQUIRING ring "Antyr" {rElec rN+ Int+6}
  4486 | D:4      | Acquired the ring "Antyr" {rElec rN+ Int+6}
  4488 | D:4      | 4488 ||| UPGRADING to ring "Antyr" {rElec rN+ Int+6}.
  4489 | D:4      | 4489 ||| READING scroll of acquirement.
  4489 | D:4      | 4489 ||| ACQUIRING +0 kite shield of Miracles {rCorr MP+9
                  | Dex+2}
  4489 | D:4      | Acquired the +0 kite shield of Miracles {rCorr MP+9 Dex+2}
  4491 | D:4      | 4491 ||| DRINKING 2 glowing clear potions.
  4492 | D:4      | 4492 ||| DRINKING 2 fizzy black potions.
  4492 | D:4      | Gained mutation: You are clumsy. (Dex -2) [potion of
                  | mutation]
  4492 | D:4      | Gained mutation: You are very clumsy. (Dex -4) [potion of
                  | mutation]
  4493 | D:4      | 4493 ||| READING 2 scrolls of identify.
  4493 | D:4      | 4493 ||| IDENTIFYING blue potion
  4494 | D:4      | 4494 ||| DROPPING potion of degeneration.
  4495 | D:4      | 4495 ||| DROPPING potion of ambrosia.
  4499 | D:5      | 4499 ||| Stepping ~*~*~tactically~*~*~ (hiding).
  4508 | D:5      | Reached skill level 8 in Shields
  4508 | D:5      | Reached XP level 8. HP: 36/48 MP: 8/8
  4659 | D:5      | 4659 ||| FLEEEEING.
  4660 | D:5      | 4660 ||| STAIRDANCE
  4691 | D:5      | 4691 ||| Stepping ~*~*~tactically~*~*~ (stealth).
  4695 | D:5      | 4695 ||| STAIRDANCE
  4926 | D:6      | 4926 ||| Stepping ~*~*~tactically~*~*~ (stealth).
  5055 | D:6      | Reached skill level 9 in Shields
  5279 | D:6      | 5279 ||| Stepping ~*~*~tactically~*~*~ (hiding).
  5297 | D:6      | 5297 ||| FLEEEEING.
  5298 | D:6      | 5298 ||| FLEEEEING.
  5299 | D:6      | 5299 ||| FLEEEEING.
  5300 | D:6      | 5300 ||| FLEEEEING.
  5301 | D:6      | 5301 ||| FLEEEEING.
  5303 | D:6      | 5303 ||| FLEEEEING.
  5304 | D:6      | 5304 ||| FLEEEEING.
  5305 | D:6      | 5305 ||| FLEEEEING.
  5306 | D:6      | 5306 ||| FLEEEEING.
  5307 | D:6      | 5307 ||| FLEEEEING.
  5308 | D:6      | 5308 ||| FLEEEEING.
  5309 | D:6      | 5309 ||| FLEEEEING.
  5310 | D:6      | 5310 ||| FLEEEEING.
  5311 | D:6      | 5311 ||| FLEEEEING.
  5312 | D:6      | 5312 ||| FLEEEEING.
  5313 | D:6      | 5313 ||| STAIRDANCE
  5358 | D:6      | Noticed qw's ghost (novice GrFi)
  5484 | D:6      | Reached skill level 6 in Axes
  5505 | D:6      | 5505 ||| Stepping ~*~*~tactically~*~*~ (hiding).
  5506 | D:6      | 5506 ||| Stepping ~*~*~tactically~*~*~ (hiding).
  5666 | D:6      | Found a runed translucent gate.
  5666 | D:6      | Found a runed translucent gate.
  5666 | D:6      | Found a runed translucent gate.
  5941 | D:6      | 5941 ||| DROPPING amulet of faith.
  6090 | D:7      | Reached XP level 9. HP: 39/52 MP: 9/9
  6184 | D:7      | Reached skill level 10 in Shields
  6236 | D:7      | Found a staircase to the Ecumenical Temple.
  6237 | D:7      | 6237 ||| PLANNING TEMPLE
  6237 | D:7      | 6237 ||| READING scroll labelled ONANNU LIECO.
  6355 | Temple   | Entered the Ecumenical Temple
  6381 | Temple   | 6381 ||| PLANNING OKAWARU WORSHIP
  6491 | Temple   | Became a worshipper of Warmaster Okawaru
  6492 | Temple   | 6492 ||| PLANNING D:1-11
  6961 | D:7      | 6961 ||| DROPPING +0 flail.
  7159 | D:7      | 7159 ||| Stepping ~*~*~tactically~*~*~ (cloud).
  7165 | D:7      | 7165 ||| READING 2 scrolls labelled BEXIMI LAKEY.
  7168 | D:7      | 7168 ||| Stepping ~*~*~tactically~*~*~ (cloud).
  7322 | D:7      | 7322 ||| READING scroll of enchant weapon.
  7322 | D:7      | 7322 ||| ENCHANTING +1 war axe of electrocution.
  7463 | D:8      | 7463 ||| STAIRDANCE
  7615 | D:8      | Noticed Maggie
  7616 | D:8      | 7616 ||| Stepping ~*~*~tactically~*~*~ (hiding).
  7630 | D:8      | Killed Maggie
  7630 | D:8      | Reached * piety under Okawaru
  7631 | D:8      | Reached skill level 11 in Shields
  7759 | D:8      | 7759 ||| DROPPING -1 eveningstar.
  7816 | D:8      | 7816 ||| Stepping ~*~*~tactically~*~*~ (hiding).
  7826 | D:8      | 7826 ||| INVOKING Heroism.
  7836 | D:8      | Reached skill level 1 in Invocations
  7836 | D:8      | 7836 ||| INVOKING Heroism.
  7837 | D:8      | Found a staircase to the Lair.
  8000 | D:8      | 8000 ||| Stepping ~*~*~tactically~*~*~ (stealth).
  8005 | D:8      | 8005 ||| Stepping ~*~*~tactically~*~*~ (stealth).
  8007 | D:8      | 8007 ||| Stepping ~*~*~tactically~*~*~ (stealth).
  8008 | D:8      | 8008 ||| Stepping ~*~*~tactically~*~*~ (stealth).
  8020 | D:8      | 8020 ||| INVOKING Heroism.
  8498 | D:8      | 8498 ||| INVOKING Heroism.
  8594 | D:8      | Found a snail-covered altar of Cheibriados.
  8640 | D:8      | Found a shimmering blue altar of Sif Muna.
  8667 | D:8      | Reached skill level 3 in Invocations
  8831 | D:8      | 8831 ||| UPGRADING to +0 pair of gloves.
  8836 | D:8      | 8836 ||| DROPPING +6 ring of intelligence.
  8837 | D:8      | 8837 ||| UPGRADING to ring of willpower.
  8880 | D:9      | Found a staircase to the Orcish Mines.
  8926 | D:9      | Noticed Erolcha
  8927 | D:9      | 8927 ||| INVOKING Heroism.
  8932 | D:9      | Killed Erolcha
  8932 | D:9      | Reached ** piety under Okawaru
  8933 | D:9      | Reached XP level 10. HP: 35/59 MP: 9/13
  9164 | D:9      | 9164 ||| INVOKING Heroism.
  9214 | D:9      | 9214 ||| Stepping ~*~*~tactically~*~*~ (stealth).
  9286 | D:9      | Found Gipsit's Armour Boutique.
  9292 | D:9      | 9292 ||| BUYING +0 pair of boots (63 gold).
  9292 | D:9      | Bought a +0 pair of boots for 63 gold pieces
  9292 | D:9      | 9292 ||| BUYING +0 plate armour (322 gold).
  9292 | D:9      | Bought a +0 plate armour for 322 gold pieces
  9355 | D:9      | Noticed Joseph
  9366 | D:9      | Killed Joseph
  9367 | D:9      | Reached skill level 6 in Fighting
  9398 | D:9      | Found Corautir's Antique Armour Shop.
  9407 | D:9      | 9407 ||| SHOPLISTING runed plate armour (754 gold, have
                  | 74).
  9407 | D:9      | 9407 ||| SHOPLISTING slimy plate armour (812 gold, have
                  | 74).
  9539 | D:9      | 9539 ||| Stepping ~*~*~tactically~*~*~ (stealth).
  9541 | D:9      | 9541 ||| Stepping ~*~*~tactically~*~*~ (stealth).
  9570 | D:9      | 9570 ||| Stepping ~*~*~tactically~*~*~ (stealth).
  9595 | D:9      | 9595 ||| INVOKING Heroism.
  9596 | D:9      | 9596 ||| Stepping ~*~*~tactically~*~*~ (cloud).
  9607 | D:9      | 9607 ||| INVOKING Heroism.
  9612 | D:9      | 9612 ||| UPGRADING to +4 ring of evasion.
  9771 | D:9      | Noticed a cyan ugly thing
  9772 | D:9      | 9772 ||| INVOKING Heroism.
  9785 | D:9      | Killed a cyan ugly thing
  9785 | D:9      | Reached *** piety under Okawaru
  9786 | D:9      | Reached skill level 9 in Axes
  9887 | D:9      | Noticed a centaur warrior
  9895 | D:9      | 9895 ||| INVOKING Heroism.
  9899 | D:9      | Killed a centaur warrior
  9900 | D:9      | Reached skill level 12 in Shields
 10085 | D:9      | 10085 ||| Stepping ~*~*~tactically~*~*~ (hiding).
 10094 | D:9      | 10094 ||| INVOKING Heroism.
 10095 | D:9      | Killed from afar by an acid dragon

Levels and vault maps discovered:
D:1:      minmay_arrival_solitary_statue, layout_loops_cross,
          basic_ecumenical_altar
D:2:      kennysheep_big_flooded_room, layout_rooms, minmay_tree_intersection,
          kennysheep_pointless_box
D:3:      layout_basic, demons_altar
D:4:      layout_rooms, serial_shops, shop, minmay_pentangle
D:5:      layout_rooms, mainiacjoe_overflow_paths, uniq_blork_the_orc
D:6:      layout_loops_ring, gammafunk_ghost_icy, nicolae_sextant
D:7:      old_forge, layout_loops_ring, minmay_temple_entry_antechambers
D:8:      nicolae_BIG_FREAKIN_CUBE, layout_loops_corners,
          kennysheep_slug_shrine, nicolae_overflow_hidden_temple,
          mainiacjoe_overflow_24_doors, uniq_maggie
D:9:      minmay_the_grid_4x2 [minmay_the_grid_x, minmay_the_grid_outer_diamond,
          minmay_the_grid_garden, minmay_the_grid_outer_circle,
          minmay_the_grid_gridbox, minmay_the_grid_slots,
          minmay_the_grid_dragon_b, minmay_the_grid_prize_four_corners],
          layout_loops_ring, serial_shops, nicolae_diamond_shop,
          nicolae_shop_waterfront, uniq_joseph, uniq_prince_ribbit1,
          uniq_erolcha
Temple:   regret_index_temple_waves

Skill      XL: |  1  2  3  4  5  6  7  8  9 10 |
---------------+-------------------------------+-----
Axes           | 2 3 4 5 6 7 9 |  9.1
Shields        | 4 5 8 9 11 12 | 12.0
Fighting       | 4 5 6 |  6.4
Invocations    | 4 |  4.8
Armour         | 4 |  4.7

Action                   |  1- 3 |  4- 6 |  7- 9 | 10-12 || total
-------------------------+-------+-------+-------+-------++-------
Melee: War axe           |   142 |    89 |   360 |   118 ||   709
Throw: Boomerang         |    21 |    14 |       |       ||    35
Invok: Heroism           |       |       |     5 |     6 ||    11
  Use: Scroll            |     9 |     4 |     7 |       ||    20
       Potion            |     1 |     2 |     2 |       ||     5
Armor: Scale mail        |    48 |       |       |       ||    48
       Chain mail        |    36 |    38 |   181 |    91 ||   346
Dodge: Dodged            |    62 |    21 |    73 |    37 ||   193
Block: Buckler           |    22 |    10 |       |       ||    32
       Tower shield      |       |    28 |   284 |   111 ||   423

Table legend:
 A = Non-vault XP
 B = Vault XP
 C = Vault XP percentage of total XP
 D = Non-vault monster count
 E = Vault monster count
 F = Vault count percentage of total count
                 A         B        C        D         E       F
            +---------+---------+-------+---------+---------+-------
      Total |    5166 |    3751 |  42.1 |     149 |      32 |  17.7
            +---------+---------+-------+---------+---------+-------
        D:1 |      35 |       0 |   0.0 |      22 |       0 |   0.0
        D:2 |      37 |       3 |   7.5 |      20 |       2 |   9.1
        D:3 |      91 |     121 |  57.1 |      17 |       3 |  15.0
        D:4 |     241 |      61 |  20.2 |      14 |       4 |  22.2
        D:5 |     694 |      94 |  11.9 |      23 |       1 |   4.2
        D:6 |     723 |       0 |   0.0 |      14 |       0 |   0.0
        D:7 |     591 |     362 |  38.0 |       8 |       9 |  52.9
        D:8 |    1157 |     395 |  25.5 |      24 |       1 |   4.0
        D:9 |    1597 |    2715 |  63.0 |       7 |      12 |  63.2
            +---------+---------+-------+---------+---------+-------
